 Dungeon Crawl Stone Soup version 0.17-a0-435-gc4df345 (webtiles) character file.

6671 krae the Severer (level 10, -9/81 HPs)
             Began as a Deep Dwarf Berserker on Apr 4, 2015.
             Was an Elder of Trog.
             Killed from afar by Azrael (34 damage)
             ... with a blast of hellfire
             ... on level 4 of the Orcish Mines.
             The game lasted 00:40:04 (4065 turns).

krae the Severer (Deep Dwarf Berserker)             Turns: 4065, Time: 00:40:04

Health: -9/81      AC: 14    Str: 22      XL:     10   Next: 73%
Magic:  10/10      EV:  7    Int:  8      God:    Trog [****..]
Gold:   771        SH:  0    Dex: 15 (17) Spells: 0 memorised, 9 levels left

rFire  . . .     SeeInvis .     x - +1 war axe (elec)
rCold  . . .     Clarity  .     K - +0 plate armour
rNeg   . . .     SustAb   .     (no shield)
rPois  .         Gourm    .     (no helmet)
rElec  .         Spirit   .     (no cloak)
rCorr  +         Warding  .     k - +1 pair of gloves
rMut   .         Stasis   .     (no boots)
MR     +++..                    q - amulet of resist corrosion
Stlth  ..........               (no ring)
                                E - +3 ring of dexterity

@: exhausted, non-regenerating, slowed, very slow, extremely resistant to
hostile enchantments, extremely unstealthy
A: damage resistance, recharge devices, sense surroundings 2, slow healing 3
a: Device Recharging, Burn Spellbooks, Berserk, Trog's Hand, Brothers in Arms,
Renounce Religion


You were on level 4 of the Orcish Mines.
You worshipped Trog.
Trog was greatly pleased with you.
You were near starving.

You visited 2 branches of the dungeon, and saw 16 of its levels.
You also visited: Sewer.

You collected 771 gold pieces.


Innate Abilities, Weirdness & Mutations

You are resistant to damage.
You can recharge devices by infusing magical energy.
You passively map the area around you.
You do not heal naturally.


   Skills:
 - Level 2.6 Fighting
 + Level 16.3 Axes
 - Level 5.5 Armour
 - Level 2.1 Dodging


You had 9 spell levels left.
You didn't know any spells.

Inventory:

Hand weapons
 t - a +1 war axe
 u - a +2 battleaxe of flaming
 x - a +1 war axe of electrocution (weapon)
 B - a +0 vampiric whip
 F - a +0 battleaxe
 J - a +0 shortbow
Missiles
 y - 6 javelins of penetration (quivered)
 I - 52 arrows
Armour
 b - a +0 animal skin
 h - a +0 scale mail
 k - a +1 pair of gloves (worn)
 K - a +0 plate armour (worn)
Jewellery
 q - an amulet of resist corrosion (around neck)
 z - an amulet of rage
 E - a +3 ring of dexterity (left hand)
 L - a ring of ice
Magical devices
 c - a wand of heal wounds (0) {!d@v2}
 j - a wand of flame (38)
 m - a wand of fireball (0)
 G - a wand of teleportation (3) {!d@v4}
Scrolls
 l - 4 scrolls of teleportation {@r4}
 n - a scroll of magic mapping
 H - a scroll of recharging
Potions
 e - 2 potions of resistance
 f - 3 potions of haste {@q3}
 g - 2 potions of agility
 i - a potion of curing {@q1}
 o - a potion of poison {unknown}
 r - a potion of lignification {unknown}
 s - 3 potions of magic
 v - 3 potions of flight
 w - 2 potions of might
 A - a potion of ambrosia {unknown}
 C - a potion of cancellation
 M - a potion of brilliance
Comestibles
 d - 2 bread rations
 p - 2 meat rations

Dungeon Overview and Level Annotations

Branches:
Dungeon (12/15)              Lair (0/8) D:9             Orc (4/4) D:11
    Elf (0/3) Orc:3
 Temple: D:4-7

Altars:
Ashenzari
Cheibriados
Dithmenos
Gozag
Makhleb
Qazlal
Sif Muna
Xom
The Shining One

Shops:
Orc:4 [!

Annotations:
D:3 BenDover's ghost, average DrAE
Orc:4 Azrael; Saint Roka

, .## 8 ∩ 8 * *** ....#### *.
* ......#.###8... ,
................
,##.........#......,,. *
.................# ... , ,
,,#∩...##.....).....###....
,..E.... #.........#... , , ,
.......#####.Rg........... ,
.......#..##....[.).[#[##,,..
.....#..#........[[))<).#.....
....##.....)[[...#[.[)).......
*
....##......[....#..[........#
....###.......[..#.[.........
.....##..........##..........*
.....#..[)...................
* ........[[.[................


You could see Azrael.


Message History

Azrael is heavily wounded.
You slash Azrael!
Azrael is severely wounded.
You are no longer berserk.
You are exhausted.
You feel yourself slow down.
You are near starving!
Azrael hits you with a scimitar of flaming.
* * * LOW HITPOINT WARNING * * *
Azrael burns you.
* * * LOW HITPOINT WARNING * * *
Evoke which item? (* to show all) (? for menu, Esc to quit)
Zapping:
c - a wand of heal wounds (1) {!d@v2} You feel much better.
This wand has 0 charges left.
Azrael hits you but does no damage.
Drink which item? (? for menu, Esc to quit)
Okay, then.
You hit Azrael but do no damage.
There is a sudden explosion of sparks!
Azrael is almost dead.
Azrael gestures at you.
The fireball explodes!
The fireball engulfs you!
* * * LOW HITPOINT WARNING * * *
The fireball engulfs Azrael.
Azrael completely resists.
You hear a shout! x3
You hear a bark!
You hit Azrael but do no damage.
Azrael is almost dead.
Azrael gestures at you.
The hellfire explodes!
The blast of hellfire engulfs you!
You die...

Action                   |  1- 3 |  4- 6 |  7- 9 | 10-12 || total
-------------------------+-------+-------+-------+-------++-------
Melee: Hand axe          |    99 |    87 |       |       ||   186
       War axe           |       |    86 |   261 |   173 ||   520
       Whip              |       |       |   121 |       ||   121
Invok: Berserk           |     1 |     2 |     9 |     4 ||    16
       Trog's Hand       |       |     1 |    10 |    10 ||    21
Evoke: Wand              |     1 |    11 |     9 |     2 ||    23
  Use: Scroll            |       |     7 |     8 |     2 ||    17
       Potion            |       |       |     1 |       ||     1
  Eat: Chunk             |       |     3 |     6 |     8 ||    17
       Meat ration       |       |     1 |     2 |       ||     3
       Pizza             |       |       |     1 |       ||     1

Vault maps used:
D:1:      lightli_arrival_boilingwater, minmay_misc_feat_plants,
          minmay_misc_feat_iff
D:2:      nicolae_overflow_crystal_walls, nicolae_dithmenos_shadow_blocks
D:3:      overflow_temple_1_default, corexii_hall_statues_l,
          grunt_decor_arrowhead, minmay_misc_feat_room,
          kennysheep_generic_room_14
D:4:      nemelex_deck, kennysheep_mini, lemuel_temple_firewalk, first_bread
D:5:      minmay_item_behind_shaft
D:6:      overflow_temple_1_default, portal_sewer_entry_d,
          chei_beetle_safe_becter
D:7:      kennysheep_big_flooded_room, old_standard_altar, serial_shops, shop,
          uniq_menkaure
D:8:      elyvilon_altar_4, grunt_livestock, minmay_joined_circles, uniq_pikel
D:9:      minitemple, lemuel_crystal_altar, lair_0_dummy
D:11:     erik_orc_3, serial_shops, shop, david_defended_altar_orc
D:12:     minmay_wavy_crystal, uniq_frances, uniq_gastronok
Orc:1:    basic_altar
Orc:2:    basic_altar
Orc:3:    nicolae_orc_pool_cavern, kennysheep_orc_chapel
Orc:4:    st_orc_pillars, serial_shops, nicolae_shop_statue_plus, shop, shop,
          nicolae_shop_temple_entry_statues_fountains, shop_statue, uniq_azrael,
          uniq_saint_roka, uniq_josephine, uniq_maurice, uniq_sonja
Sewer:    sewer_co_15_rooms

Notes
Turn   | Place    | Note
--------------------------------------------------------------
     0 | D:1      | krae, the Deep Dwarf Berserker, began the quest for the Orb.
     0 | D:1      | Reached XP level 1. HP: 20/20 MP: 1/1
    76 | D:2      | Found a shadowy altar of Dithmenos.
    91 | D:2      | Reached skill level 4 in Axes
    91 | D:2      | Reached XP level 2. HP: 9/27 MP: 2/2
   242 | D:2      | Acquired Trog's second power
   248 | D:2      | Reached XP level 3. HP: 33/33 MP: 3/3
   338 | D:2      | Reached skill level 5 in Axes
   472 | D:3      | Reached XP level 4. HP: 31/40 MP: 4/4
   511 | D:3      | Noticed BenDover's ghost (average DrAE)
   595 | D:4      | Found a shimmering altar of Xom.
   778 | D:4      | Reached skill level 6 in Axes
   797 | D:4      | Reached XP level 5. HP: 32/46 MP: 5/5
   810 | D:5      | Entered Level 5 of the Dungeon
   933 | D:6      | Reached skill level 7 in Axes
   943 | D:6      | Found a glowing drain.
   963 | Sewer    | Entered a sewer
  1065 | Sewer    | Reached XP level 6. HP: 16/55 MP: 6/6
  1073 | Sewer    | Reached skill level 8 in Axes
  1262 | Sewer    | Reached XP level 7. HP: 31/61 MP: 7/7
  1371 | D:6      | Reached skill level 9 in Axes
  1526 | D:6      | Noticed a necrophage
  1535 | D:6      | Killed a necrophage
  1578 | D:6      | Found an opulent altar of Gozag.
  1587 | D:6      | Reached skill level 10 in Axes
  1596 | D:6      | Noticed a phantom
  1628 | D:6      | You fall through a shaft for 3 floors!
  1639 | D:9      | Found a staircase to the Lair.
  1654 | D:10     | Entered Level 10 of the Dungeon
  1680 | D:7      | Found a burning altar of Makhleb.
  1706 | D:9      | Found a deep blue altar of Sif Muna.
  1769 | D:9      | HP: 6/61 [hippogriff (6)]
  1860 | D:9      | Reached XP level 8. HP: 25/68 MP: 8/8
  1943 | D:9      | Reached skill level 11 in Axes
  2040 | D:9      | Noticed stickyfingers's ghost (experienced OpTm)
  2063 | D:9      | Killed stickyfingers's ghost
  2063 | D:9      | Reached skill level 12 in Axes
  2257 | D:9      | Gained mutation: You passively map the area around you. [Deep Dwarf growth]
  2257 | D:9      | Reached XP level 9. HP: 34/74 MP: 9/9
  2264 | D:9      | Identified 2 potions of resistance
  2281 | D:9      | Found a snail-covered altar of Cheibriados.
  2281 | D:9      | Found a glowing golden altar of the Shining One.
  2283 | D:9      | Found a stormy altar of Qazlal.
  2285 | D:9      | Found a shattered altar of Ashenzari.
  2377 | D:10     | Noticed a hill giant
  2427 | D:11     | Reached skill level 13 in Axes
  2688 | D:11     | Reached skill level 3 in Armour
  2756 | D:11     | Reached skill level 4 in Armour
  2851 | D:11     | Acquired Trog's third power
  2859 | D:11     | Reached skill level 5 in Armour
  2867 | D:11     | Found a staircase to the Orcish Mines.
  2923 | Orc:1    | Entered Level 1 of the Orcish Mines
  2923 | Orc:1    | Found a shimmering altar of Xom.
  3032 | Orc:1    | Reached skill level 14 in Axes
  3075 | Orc:4    | Entered Level 4 of the Orcish Mines
  3075 | Orc:4    | Noticed Saint Roka
  3075 | Orc:4    | Noticed an orc sorcerer
  3075 | Orc:4    | Noticed Josephine
  3088 | Orc:3    | Killed Josephine
  3088 | Orc:3    | Reached XP level 10. HP: 16/81 MP: 10/10
  3279 | Orc:2    | Found a shimmering altar of Xom.
  3366 | Orc:3    | Reached skill level 15 in Axes
  3786 | Orc:3    | Found a staircase to the Elven Halls.
  3995 | Orc:4    | Found Ejaelukh's Distillery.
  4010 | Orc:4    | Reached skill level 16 in Axes
  4019 | Orc:4    | Found Ucuituf's Antique Armour Shop.
  4052 | Orc:4    | Noticed Azrael
  4065 | Orc:4    | Killed from afar by Azrael

Vanquished Creatures
  Josephine (Orc:3)
  The ghost of stickyfingers the Martial Artist, an experienced OpTm of Makhleb (D:9)
  3 wraiths
  3 fire elementals (Orc:4)
  2 yaks (D:11)
  A hippogriff (D:9)
  2 wargs
  A mottled dragon (D:11)
  10 orc warriors
  A sky beast (D:9)
  A black bear (D:11)
  A hell hound (Orc:4)
  A necrophage (D:6)
  A phantom (D:9)
  A centaur (D:9)
  4 ogres
  A giant frog (D:6)
  4 big kobolds (Sewer)
  3 wights (D:9)
  A goliath beetle (D:6)
  A quasit (D:9)
  A hound (D:6)
  A jelly (D:10)
  17 orc wizards
  11 orc priests
  A centaur skeleton (D:6)
  A giant frog skeleton (D:9)
  3 worker ants
  An iguana (D:9)
  A river rat (Sewer)
  15 adders
  3 giant mites
  3 worms (Sewer)
  2 shadow imps
  3 giant geckos
  2 oozes
  99 orcs
  5 bats
  8 goblins
  9 hobgoblins
  3 jackals (D:4)
  A quokka (D:2)
  2 ball pythons (Sewer)
  A ball python zombie (D:6)
  A giant cockroach (D:2)
  4 giant newts
  10 kobolds
  An orc zombie (D:11)
  12 rats
265 creatures vanquished.

Vanquished Creatures (others)
  A giant gecko (D:3)
1 creature vanquished.

Grand Total: 266 creatures vanquished
